 Dungeon Crawl Stone Soup version 0.22.0-75-g3901e7991e (webtiles) character file.

193 Anthracite the Shield-Bearer (level 5, -6/49 HPs)
             Began as a Deep Dwarf Fighter on Sept 11, 2018.
             Killed by nerve-wracking pain
             ... invoked by an orc priest
              (8 damage)
             ... on level 3 of the Dungeon.
             The game lasted 00:05:12 (2007 turns).

Anthracite the Shield-Bearer (Deep Dwarf Fighter)   Turns: 2007, Time: 00:05:13

Health: -6/49      AC:  7    Str: 25    XL:     5   Next: 43%
Magic:  5/5        EV:  8    Int:  9    God:
Gold:   110        SH: 10    Dex: 12    Spells: 4/4 levels left

rFire    . . .     SeeInvis .   a - +0 war axe
rCold    . . .     Gourm    .   c - +0 shield
rNeg     . . .     Faith    .   b - +0 scale mail
rPois    .         Spirit   .   (no helmet)
rElec    .         Reflect  .   (no cloak)
rCorr    .         Harm     .   (no gloves)
MR       .....                  (no boots)
Stlth    ..........             (no amulet)
HPRegen  0.00/turn              k - +5 ring of strength
MPRegen  0.09/turn              (no ring)

@: non-regenerating
A: damage resistance, heal wounds, sense surroundings 1, no regeneration
a: Heal Wounds


You were on level 3 of the Dungeon.
You were not hungry.

You visited 1 branch of the dungeon, and saw 3 of its levels.

You collected 110 gold pieces.

Inventory:

Hand Weapons
 a - a +0 war axe (weapon)
Armour
 b - a +0 scale mail (worn)
 c - a +0 shield (worn)
Jewellery
 k - a +5 ring of strength (left hand)
Scrolls
 e - a scroll of magic mapping {unknown}
 i - a scroll of remove curse {unknown}
 l - a scroll of teleportation {unknown}
 m - a scroll of enchant weapon {unknown}
 o - 2 scrolls of identify {unknown}
Potions
 d - a potion of might
 g - a potion of haste {unknown}
 h - a potion of lignification {unknown}
 j - a potion of berserk rage {unknown}
 p - a potion of brilliance {unknown}
 q - a potion of magic {unknown}
Comestibles
 f - 3 rations
 n - 4 chunks of flesh


   Skills:
 + Level 3.2 Fighting
 + Level 4.2 Axes
 + Level 4.2 Armour
 + Level 1.1 Dodging
 + Level 0.1 Stealth
 + Level 4.3 Shields


You had 4 spell levels left.
You didn't know any spells.
Your spell library was empty.

Dungeon Overview and Level Annotations

Branches:
Dungeon (3/15)

Altars:


Innate Abilities, Weirdness & Mutations

You are resistant to damage.
You can heal yourself by infusing magical energy.
You passively map a small area around you.
You do not regenerate.


Message History

The orc priest barely misses you. You block the orc's attack.
Your shield and scale mail prevent you from hitting the orc.
The orc is severely wounded.
You barely miss the orc. You hit the orc priest. You block the orc's attack.
The orc priest hits you but does no damage.
The orc closely misses you. You block the orc's attack.
The orc priest invokes the aid of Beogh against you.
Beogh smites you! You block the orc's attack.
The orc priest invokes the aid of Beogh against you.
Beogh smites you!
* * * LOW HITPOINT WARNING * * *
You block the orc's attack. The orc hits you but does no damage.
The orc priest invokes the aid of Beogh against you.
Beogh smites you!
* * * LOW HITPOINT WARNING * * *
You block the orc's attack.
The orc priest calls down the wrath of Beogh upon you.
Pain shoots through your body!
You die...

*#................# ##...
#................##......
.................#...###..#
..........#.....$.....<#....
?.......###..##..###.# .# ,
......#..##)#...###.#.
....#.#....†....#..... ,
#......o............
#...@.o............ ,
#...#...o........... , #..
#.......[....... * #.
#............... , *#
##.####......... , ###
#..)....... * , ,
............ ,,
######....... , , , .......,


You could see an orc priest and 2 orcs.

Vanquished Creatures
  A hound (D:2)
  Natasha (D:2)
  Terence (D:3)
  6 adders
  An ooze (D:1)
  A worm (D:2)
  2 leopard geckos (D:1)
  An orc (D:3)
  A ball python (D:1)
  7 goblins
  3 hobgoblins
  4 jackals (D:2)
  6 kobolds
  A quokka (D:2)
  4 bats
  6 frilled lizards
  6 rats
52 creatures vanquished.

Vanquished Creatures (others)
  A rat (D:3)
1 creature vanquished.

Grand Total: 53 creatures vanquished

Notes
Turn   | Place    | Note
-------+----------+-------------------------------------------
     0 | D:1      | Anthracite the Deep Dwarf Fighter began the quest for the
                  | Orb.
     0 | D:1      | Reached XP level 1. HP: 20/20 MP: 1/1
    60 | D:1      | Reached XP level 2. HP: 22/27 MP: 2/2
  1242 | D:2      | Reached XP level 3. HP: 33/33 MP: 3/3
  1315 | D:2      | Reached XP level 4. HP: 28/42 MP: 4/4
  1571 | D:2      | Noticed Natasha
  1583 | D:2      | Killed Natasha
  1583 | D:2      | Reached skill level 1 in Dodging
  1904 | D:3      | Reached XP level 5. HP: 46/49 MP: 5/5
  1952 | D:3      | Noticed Terence
  1967 | D:3      | Killed Terence
  2005 | D:3      | HP: 2/49 [orc priest/divine providence (12)]
  2007 | D:3      | Killed from afar by an orc priest

Skill      XL: |  1  2  3  4  5 |
---------------+----------------+-----
Fighting       | 3 |  3.2
Axes           | 3 4 |  4.2
Armour         | 4 |  4.2
Dodging        | 1 |  1.1
Shields        | 4 |  4.3
Stealth        | |  0.1

Action                   |  1- 3 |  4- 6 || total
-------------------------+-------+-------++-------
Melee: War axe           |    96 |    83 ||   179
 Abil: Heal Wounds       |     1 |     2 ||     3
  Eat: Ration            |     1 |     1 ||     2
Armor: Scale mail        |    55 |    34 ||    89
Dodge: Dodged            |    27 |    42 ||    69
Block: Shield            |    62 |    54 ||   116
